 Dungeon Crawl Stone Soup version 0.21.1-1-g345015f (webtiles) character file.

67 sking99 the Ruffian (level 4, -1/45 HPs)
             Began as an Ogre Transmuter on June 26, 2018.
             Was an Initiate of Gozag.
             Slain by bmj180's ghost (17 damage)
             ... on level 3 of the Dungeon.
             The game lasted 00:06:19 (2003 turns).

sking99 the Ruffian (Ogre Transmuter)               Turns: 2003, Time: 00:06:20

Health: -1/45      AC:  2    Str: 14    XL:     4   Next: 18%
Magic:  0/8        EV: 19    Int: 15    God:    Gozag
Gold:   115        SH:  0    Dex: 14    Spells: 2/8 levels left

rFire    . . .     SeeInvis .     - Unarmed
rCold    . . .     Gourm    .   (shield currently unavailable)
rNeg     . . .     Faith    .   (armour currently unavailable)
rPois    x         Spirit   .   (helmet currently unavailable)
rElec    .         Reflect  .   (cloak currently unavailable)
rCorr    .         Harm     .   (gloves unavailable)
MR       .....                  (boots unavailable)
Stlth    +.........             (no amulet)
HPRegen  0.15/turn              (no ring)
MPRegen  0.11/turn              (no ring)

@: spider-form (expiring)
A: tiny, unfitting armour
a: End Transformation, Potion Petition, Call Merchant, Bribe Branch, Renounce
Religion


You were on level 3 of the Dungeon.
You worshipped Gozag.
Gozag was aware of your devotion.
You were not hungry.
You were a venomous arachnid creature.
You visited 1 branch of the dungeon, and saw 3 of its levels.

You collected 140 gold pieces.
You paid 25 gold pieces to Gozag.

Inventory:

Missiles
 a - 26 arrows (quivered)
Armour
 b - a +0 robe (melded)
Magical Staves
 f - an uncursed staff of cold {unknown}
Jewellery
 m - an uncursed ring of positive energy {unknown}
Wands
 j - a wand of iceblast (11)
Scrolls
 e - 7 scrolls of identify {unknown}
 g - a scroll of remove curse {unknown}
 n - a scroll of amnesia {unknown}
Potions
 h - a potion of flight {unknown}
 i - a potion of magic {unknown}
 k - a potion of cancellation {unknown}
 l - 2 potions of haste {unknown}
 o - a potion of ambrosia {unknown}
Books
 c - a book of Changes

   Spells                             Type                      Level
   a - Beastly Appendage              Transmutation                1
   b - Sticks to Snakes               Transmutation                2
   c - Spider Form                    Transmutation/Poison         3
   d - Ice Form                       Ice/Transmutation            4
   e - Blade Hands                    Transmutation                5
Comestibles
 d - 6 rations


   Skills:
 - Level 3.1 Fighting
 - Level 1.7 Dodging
 - Level 3.3 Unarmed Combat
 + Level 2.6 Spellcasting
 * Level 2.2 Transmutations
 + Level 0.5 Poison Magic


You had 2 spell levels left.
You knew the following spells:

 Your Spells              Type           Power        Failure   Level  Hunger
a - Beastly Appendage     Tmut           #.....       22%         1    #......
b - Sticks to Snakes      Tmut           #.......     28%         2    ##.....
c - Spider Form           Tmut/Pois      #.........   56%         3    ###....


Dungeon Overview and Level Annotations

Branches:
Dungeon (3/15)

Altars:
Gozag

Annotations:
D:3 bmj180's ghost, amateur HOFi


Innate Abilities, Weirdness & Mutations

You are too large for most types of armour.
((You have tough skin. (AC +1)))


Message History

Your ball python barely misses bmj180's ghost.
Your ball python bites bmj180's ghost but does no damage.
Bmj180's ghost barely misses you.
You hit bmj180's ghost but do no damage.
Bmj180's ghost is lightly damaged.
Your ball python bites bmj180's ghost but does no damage.
Your ball python misses bmj180's ghost.
Your ball python bites bmj180's ghost but does no damage.
Bmj180's ghost barely misses you.
You hit bmj180's ghost but do no damage.
Bmj180's ghost is lightly damaged.
Your ball python bites bmj180's ghost but does no damage. x3
Bmj180's ghost hits you!
You swap places.
Your ball python closely misses bmj180's ghost.
Your ball python barely misses bmj180's ghost.
Your ball python bites bmj180's ghost but does no damage.
Bmj180's ghost hits you!
You die...
Your body crumbles into a pile of gold.

#.....# #..
#...##########
#...##.......#
##########...##.#####.#
#.............#.# #..
.#.....#####.#.# ###
#..S........#.#
#..WS.#######.#
#.#Ss.......#.#### #
#####..........#
#................#
#####............#
...............#
##....########## #....#
#....# #....#


You could see bmj180's ghost and 3 friendly ball pythons.

Vanquished Creatures
  Terence (D:2)
  An adder (D:2)
  2 worms (D:2)
  A dart slug (D:1)
  A leopard gecko (D:2)
  6 goblins
  2 hobgoblins (D:1)
  2 kobolds
  2 quokkas
  A bat (D:1)
  A frilled lizard (D:2)
  6 rats
26 creatures vanquished.

Notes
Turn   | Place    | Note
-------+----------+-------------------------------------------
     0 | D:1      | sking99 the Ogre Transmuter began the quest for the Orb.
     0 | D:1      | Reached XP level 1. HP: 19/19 MP: 3/3
   308 | D:1      | Reached XP level 2. HP: 17/28 MP: 5/5
   431 | D:1      | Learned a level 2 spell: Sticks to Snakes
  1104 | D:2      | Reached XP level 3. HP: 31/37 MP: 1/6
  1276 | D:2      | Found an opulent altar of Gozag.
  1303 | D:2      | Became a worshipper of Gozag Ym Sagoz the Greedy
  1425 | D:2      | Learned a level 3 spell: Spider Form
  1505 | D:2      | Noticed Terence
  1516 | D:2      | Killed Terence
  1516 | D:2      | Reached XP level 4. HP: 28/45 MP: 5/7
  1961 | D:3      | Noticed bmj180's ghost (amateur HOFi)
  2003 | D:3      | Slain by bmj180's ghost

Skill      XL: |  1  2  3 |
---------------+----------+-----
Fighting       | 2 3 |  3.1
Unarmed Combat | 3 |  3.3
Transmutations | 2 |  2.2
Dodging        | |  1.7
Spellcasting   | |  2.6
Poison Magic   | |  0.5

Action                   |  1- 3 |  4- 6 || total
-------------------------+-------+-------++-------
Melee: Unarmed           |    94 |    27 ||   121
       Kick              |     9 |       ||     9
       Punch             |     2 |       ||     2
 Cast: Beastly Appendage |     8 |       ||     8
       Sticks to Snakes  |     2 |     3 ||     5
       Spider Form       |       |     2 ||     2
 Stab: Sleeping          |     1 |       ||     1
  Eat: Chunk             |     1 |       ||     1
       Ration            |       |     1 ||     1
Armor: Robe              |    23 |       ||    23
Dodge: Dodged            |    39 |    15 ||    54
